Map: Efflorescence LE

Players

BazdacCooper - Winner!

  • Race: Terran Terran
  • Spawn Location: 6:00

Proïd - Winner!

  • Race: Terran Terran
  • Spawn Location: 9:00

qqq

  • Race: Zerg Zerg
  • Spawn Location: 3:00

Massa

  • Race: Terran Terran
  • League: Platinum
  • Spawn Location: 12:00

VOD

Have the link to the VOD?

Description

Time

  • Played on: Feb. 28, 2021, 2:27 p.m.
  • Length: 16:38
Show
View Real Time Build Order
Export as new Build Order

BazdacCooper Terran - Winner!

Build Orders:  

Get SALT Encoding   

  12  0:03  SCV  
  13  0:14  Supply Depot  
  13  0:19  SCV  
  14  0:31  SCV  
  15  0:40  Barracks  
  15  0:45  Refinery  
  15  0:53  Supply Depot  
  15  0:56  SCV  
  16  1:13  SCV  
  17  1:33  Reaper  
  17  1:35  Orbital Command  
  18  2:01  SCV  
  19  2:11  Factory  
  19  2:12  Marine  
  19  2:13  SCV  
  21  2:26  SCV  
  21  2:27  Bunker  
  21  2:29  Marine  
  23  2:47  Marine  
  24  2:51  SCV  
  25  3:09  SCV  
  25  3:11  Hellion  
  28  3:13  Command Center  
  28  3:18  Barracks Reactor  
  28  3:22  SCV  
  29  3:29  Refinery  
  29  3:33  Engineering Bay  
  29  3:35  Widow Mine  
  29  3:41  SCV, Barracks  
  31  4:08  Missile Turret  
  31  4:11  Terran Infantry Weapons Level 1, Missile Turret, Supply Depot  
  31  4:30  Barracks Tech Lab  
  31  4:33  SCV, Hellion x2  
  31  4:37  Barracks Tech Lab, Orbital Command  
  36  4:39  Starport  
  36  4:41  Missile Turret  
  36  4:45  SCV  
  19  5:00  Orbital Command  
  7  5:21  Orbital Command  
  7  5:41  Orbital Command  
  7  5:54  Factory Tech Lab  
    6:30  Orbital Command  
    6:36  Orbital Command  
    6:58  SCV  
  1  7:03  SCV  
  2  7:10  SCV  
  2  7:15  SCV  
  4  7:19  Barracks  
  4  7:22  SCV  
  5  7:27  SCV  
  6  7:30  Supply Depot  
  6  7:37  SCV  
  6  7:38  Supply Depot  
  6  7:39  SCV  
  8  7:49  SCV  
  8  7:51  SCV  
  8  8:01  SCV, Engineering Bay  
  8  8:08  Marine  
  8  8:13  Bunker  
  8  8:14  SCV  
  9  8:26  SCV, Marine  
  11  8:36  Bunker  
  11  8:37  SCV  
  11  8:38  SCV  
  13  8:44  Marine  
  13  8:49  SCV  
  13  8:50  SCV  
  13  8:52  Missile Turret  
  14  9:01  SCV  
  14  9:02  SCV, Marine  
  17  9:19  Marine  
  17  9:20  Refinery  
  17  9:21  Missile Turret  
  17  9:42  SCV  
  18  9:46  Barracks Tech Lab  
  18  9:55  SCV  
  19  10:07  SCV  
  20  10:09  Stimpack  
  20  10:19  SCV  
  21  10:23  Barracks  
  21  10:31  SCV  
  22  10:40  Refinery  
  22  10:43  SCV, Factory  
  23  10:55  SCV  
  23  10:56  Missile Turret  
  24  11:07  SCV  
  25  11:15  Barracks Reactor  
  25  11:19  SCV  
  25  11:25  Command Center  
  26  11:31  SCV  
  27  11:34  Starport  
  27  11:43  SCV  
  28  11:49  Combat Shield  
  28  11:55  SCV  
  28  11:57  Factory Reactor  
  28  11:58  Marine  
  28  11:59  Marine  
  31  12:05  Supply Depot  
  31  12:16  Terran Infantry Armor Level 1, Supply Depot  
  31  12:27  SCV, Marine x2  
  31  12:28  Supply Depot  
  34  12:43  SCV  
  35  12:47  Orbital Command  
  35  12:49  Armory  
  36  12:58  SCV  
  36  13:00  Medivac  
  36  13:01  Factory Tech Lab  
  38  13:08  Concussive Shells  
  38  13:10  SCV  
  39  13:16  SCV  
  40  13:21  Engineering Bay  
  40  13:22  SCV, Marine x2  
  40  13:23  Marine  
  44  13:27  Medivac  
  44  13:28  SCV  
  47  13:34  SCV  
  47  13:40  SCV, Marine x2  
  51  13:45  Marine  
  51  13:48  SCV  
  53  13:50  Refinery  
  53  13:52  SCV  
  54  13:58  Marine x2  
  54  14:00  Terran Infantry Weapons Level 2  
  56  14:03  Marine  
  57  14:15  Marine  
  57  14:16  Marine  
  59  14:22  Barracks  
  59  14:26  Marine  
  59  14:28  Refinery  
  59  14:30  Missile Turret  
  60  14:32  Missile Turret, Siege Tank  
  60  14:33  Marine  
  64  14:52  Command Center  
  64  15:07  Marine x3  
  67  15:25  Marine x3  
  70  16:03  Marine x3  
  73  16:04  Supply Depot  
  73  16:06  Supply Depot  
Show
View Real Time Build Order
Export as new Build Order

Proïd Terran - Winner!

Build Orders:  

Get SALT Encoding   

  12  0:00  SCV  
  13  0:12  SCV  
  14  0:24  Supply Depot  
  14  0:25  SCV  
  15  0:46  SCV  
  15  0:47  Barracks  
  16  0:58  SCV  
  16  1:00  Refinery  
  17  1:07  Supply Depot  
  17  1:10  SCV  
  18  1:22  SCV  
  19  1:35  Marine  
  19  1:37  Orbital Command  
  20  1:55  Command Center  
  20  1:58  Marine  
  21  2:03  SCV  
  22  2:15  Factory  
  22  2:16  Marine  
  22  2:20  SCV  
  24  2:25  Refinery  
  24  2:34  Marine  
  25  2:44  SCV  
  27  3:01  Hellion  
  27  3:02  SCV  
  27  3:03  Starport, Barracks Reactor  
  29  3:11  Orbital Command  
  29  3:14  SCV  
  30  3:26  SCV  
  31  3:29  Factory Tech Lab  
  31  3:37  Engineering Bay  
  31  3:38  SCV  
  31  3:39  Marine x2  
  34  3:43  SCV  
  34  3:45  Medivac  
  34  3:47  Siege Tank  
  40  3:50  SCV  
  40  3:55  SCV  
  42  3:56  Supply Depot  
  42  3:58  Supply Depot  
  42  4:09  Marine x2  
  44  4:15  Medivac  
  46  4:20  Supply Depot  
  46  4:24  SCV  
  47  4:26  SCV  
  47  4:29  Marine x2  
  47  4:30  Siege Tank  
  53  4:36  SCV  
  54  4:43  Supply Depot  
  54  4:46  Marine x2  
  56  5:02  Siege Tank  
  55  5:23  Marine x2  
  56  5:39  Siege Tank  
  56  5:41  Marine x2  
  59  5:48  SCV x2  
  58  5:55  Barracks  
  58  5:56  Barracks x2  
  58  6:00  SCV  
  59  6:07  Marine  
  59  6:08  Marine  
  59  6:10  Medivac  
  63  6:11  Siege Tank  
  63  6:13  SCV x2  
  63  6:15  Refinery  
  66  6:25  SCV x2  
  67  6:37  SCV  
  67  6:38  SCV  
  58  6:43  Marine  
  51  6:49  SCV  
  51  6:50  SCV  
  51  6:53  Marine  
  51  6:54  Marine, Siege Tank  
  52  6:55  Medivac  
  56  7:02  Barracks Tech Lab x2, SCV  
  56  7:04  Barracks Reactor  
  57  7:15  Marine x2  
  59  7:19  SCV x2  
  61  7:25  Refinery  
  61  7:26  Siege Tank  
  64  7:31  SCV x2  
  64  7:34  Marine x4  
  64  7:35  Barracks x2  
  64  7:36  Barracks, Stimpack  
  70  7:43  SCV  
  71  7:46  Missile Turret  
  71  7:47  Missile Turret  
  71  7:49  Marine x2  
  71  7:50  Combat Shield  
  73  7:51  Marine  
  73  7:52  Marine x2  
  73  7:53  Missile Turret  
  73  7:56  SCV x2  
  78  8:05  Supply Depot  
  78  8:06  Supply Depot  
  78  8:07  Supply Depot x2  
  78  8:27  Marine x6, Medivac  
  78  8:28  SCV  
  78  8:29  SCV  
  78  8:30  Marine  
  78  8:31  Marine x2  
  94  8:34  Siege Tank  
  94  8:45  Marine x5  
  94  8:46  Missile Turret  
  94  8:47  Missile Turret  
  99  8:49  Marine  
  99  8:50  Marine x3  
  103  9:00  Supply Depot x2  
  103  9:01  Supply Depot  
  103  9:02  Marine x4  
  107  9:14  Marine x5  
  107  9:15  Medivac  
  114  9:20  Marine  
  115  9:27  Marine x3  
  118  9:32  Marine x3  
  121  9:53  Marine  
  121  9:54  Marine x8  
  122  10:11  Marine x3, Siege Tank  
  122  10:12  Marine x3  
  113  10:45  Marine x2  
  113  10:46  Marine x6  
  113  10:47  Siege Tank  
  121  10:59  Marine  
  121  11:03  Marine x3  
  125  11:04  Medivac  
  127  11:14  Command Center  
  127  11:17  Barracks Reactor x2, Barracks Tech Lab  
  127  11:19  Siege Tank  
  119  11:45  Marine x4  
  119  11:46  Marauder x3  
  129  11:49  Starport Reactor  
  129  11:51  Siege Tank  
  132  11:57  Supply Depot  
  132  11:58  Supply Depot  
  132  11:59  Terran Infantry Weapons Level 1  
  132  12:01  Supply Depot  
  132  12:02  Marine  
  132  12:07  Marauder  
  132  12:08  Marine x3  
  135  12:09  Marine x2  
  135  12:10  Marauder  
  142  12:18  Marine x2  
  142  12:19  Marauder  
  142  12:20  Marine  
  142  12:22  Supply Depot  
  147  12:23  Supply Depot  
  147  12:29  Marauder  
  149  12:31  Marauder  
  149  12:34  Marine x5  
  149  12:36  Marine  
  157  12:37  Orbital Command  
  157  12:40  Marauder  
  159  12:50  Marauder  
  133  12:59  Marine x2  
  133  13:00  Marine x6  
  133  13:01  Marauder  
  133  13:02  Marauder  
  129  13:17  Marine x3  
  129  13:19  Orbital Command  
  130  13:22  Marauder  
  130  13:23  Marine x4  
  130  13:24  Marine x3  
  139  13:34  Marine  
  138  13:42  Marauder  
  139  13:48  Marine x2  
  139  13:49  Marine x3, Medivac x2  
  139  13:51  SCV x3  
  151  14:10  Marine x4  
  151  14:11  Marine x3  
  158  14:31  Marine x2  
  154  14:45  Marine  
  154  14:46  Marine x3  
  143  15:10  Marine x2  
  143  15:11  Marine x6  
  143  15:12  Marauder x2  
  149  15:19  Orbital Command  
  135  15:24  Marine  
  131  15:28  Marine x3  
  131  15:33  Marauder  
  134  15:55  Marine x6  
  134  15:56  Marine  
  147  16:26  Refinery  
  147  16:27  Refinery  
Show
View Real Time Build Order
Export as new Build Order

qqq Zerg 

Build Orders: Hatch First 

Get SALT Encoding   

  12  0:02  Drone  
  13  0:13  Drone  
  14  0:19  Overlord  
  14  0:48  Hatchery  
  13  1:01  Drone x3  
  16  1:16  Extractor  
  15  1:21  Spawning Pool  
  15  1:23  Extractor  
  15  1:25  Drone  
  14  1:30  Drone  
  15  1:36  Extractor  
  15  1:40  Drone  
  17  1:47  Drone  
  17  1:56  Extractor  
  17  2:00  Drone  
  18  2:02  Drone  
  18  2:08  Queen  
  19  2:12  Queen  
  24  2:15  Extractor  
  24  2:18  Drone  
  24  2:23  Overlord  
  24  2:31  Metabolic Boost  
  22  2:52  Drone x2  
  22  2:53  Drone  
  25  3:06  Zergling x2  
  25  3:11  Drone x3  
  29  3:18  Zergling x2  
  30  3:30  Drone x2, Zergling x2  
  30  3:31  Zergling x2  
  30  3:33  Lair  
  34  3:35  Zergling x4  
  34  3:39  Overlord  
  36  3:50  Drone, Roach Warren  
  36  3:56  Overlord  
  36  4:00  Zergling x4  
  39  4:02  Drone  
  39  4:06  Zergling x2  
  39  4:07  Drone  
  41  4:12  Overlord  
  41  4:15  Zergling x2  
  42  4:32  Zergling x10  
  42  4:33  Drone  
  47  4:51  Zergling x4  
  49  4:59  Roach x4  
  57  5:01  Roach  
  57  5:04  Spire  
  58  5:11  Overlord x3  
  56  5:49  Drone  
  57  5:50  Drone x3  
  57  5:51  Zergling x4  
  57  5:52  Roach x5  
  57  5:56  Extractor, Drone  
  72  6:26  Extractor x2, Drone x2, Overlord  
  72  6:27  Drone, Overlord  
  73  6:34  Hatchery  
  46  6:47  Mutalisk x2, Zergling x2  
  46  6:50  Drone x2  
  53  7:04  Mutalisk  
  53  7:05  Drone x2  
  53  7:06  Zergling x2  
  48  7:16  Roach x2  
  52  7:32  Drone x2, Mutalisk  
  52  7:34  Zergling x4  
  58  7:43  Mutalisk  
  60  7:51  Drone  
  60  7:52  Queen  
  60  7:53  Mutalisk  
  60  7:54  Drone  
  60  7:55  Drone x5  
  71  8:03  Mutalisk  
  73  8:18  Mutalisk  
  73  8:19  Baneling Nest  
  74  8:31  Drone, Mutalisk x2  
  74  8:32  Drone x2  
  74  8:33  Zergling x2  
  82  8:40  Hatchery  
  81  8:51  Hatchery  
  81  8:54  Mutalisk  
  81  8:55  Mutalisk  
  84  9:00  Hatchery, Roach x5  
  94  9:44  Zergling x4  
  94  9:45  Zergling x8  
  86  9:46  Roach x3  
  67  10:16  Mutalisk, Roach  
  67  10:40  Drone x3  
  68  10:44  Drone  
  68  10:45  Drone x2  
  61  10:53  Zergling x6  
  61  10:54  Drone  
  65  11:10  Hatchery  
  64  11:12  Spawning Pool  
  59  11:31  Zergling x6  
  62  11:33  Drone x5  
  62  11:34  Drone  
  67  11:53  Hatchery  
  66  11:59  Queen  
  66  12:00  Drone x4  
  72  12:02  Zergling x4  
  72  12:05  Drone  
  72  12:06  Drone  
  72  12:07  Drone  
  77  12:24  Lair  
  77  12:25  Drone x4  
  81  12:30  Extractor  
  81  12:31  Drone x2  
  81  12:32  Extractor  
  81  12:34  Drone x3  
  81  12:35  Drone  
  81  12:37  Drone  
  86  12:42  Queen  
  86  12:43  Drone x2  
  86  12:44  Spine Crawler  
  82  12:58  Zergling x4  
  74  13:01  Drone x5  
  74  13:02  Drone x3  
  82  13:07  Baneling Nest  
  82  13:11  Drone x2  
  82  13:12  Drone x2  
  85  13:13  Extractor  
  85  13:14  Extractor  
  85  13:18  Drone x4  
  85  13:19  Drone x3  
  90  13:26  Drone x2  
  92  13:30  Zergling x6  
  92  13:31  Zergling x8  
  92  13:32  Queen  
  101  13:38  Evolution Chamber  
  101  13:39  Hatchery  
  101  13:40  Evolution Chamber  
  82  13:55  Zergling x14  
  88  13:56  Zergling x8  
  88  13:57  Baneling x2  
  88  13:58  Baneling x6  
  88  13:59  Centrifical Hooks  
  88  14:01  Zergling x4  
  88  14:02  Zergling x12  
  101  14:04  Baneling x3  
  101  14:05  Baneling x3  
  101  14:07  Hatchery  
  101  14:08  Zerg Melee Weapons Level 1  
  100  14:18  Drone x3  
  100  14:19  Drone  
  100  14:23  Overlord x4  
  104  14:25  Baneling x3  
  104  14:26  Baneling x2  
  104  14:29  Zerg Ground Armor Level 1  
  98  14:52  Zergling x12  
  83  14:53  Zergling x14  
  83  14:57  Spire  
  89  15:01  Baneling  
  89  15:02  Baneling x5  
  89  15:04  Spine Crawler  
  89  15:05  Spine Crawler  
  87  15:07  Spine Crawler  
  87  15:08  Spine Crawler  
  67  16:01  Drone x2  
  67  16:02  Drone x7, Hatchery  
  67  16:03  Drone  
  76  16:11  Mutalisk x3  
  76  16:17  Drone x4  
Show
View Real Time Build Order
Export as new Build Order

Massa Terran 

Build Orders:  

Get SALT Encoding   

  12  0:00  SCV  
  13  0:12  SCV  
  14  0:17  Supply Depot  
  14  0:24  SCV  
  15  0:39  SCV  
  15  0:40  Barracks  
  16  0:47  Refinery  
  16  0:51  SCV  
  17  1:04  SCV  
  18  1:15  Barracks  
  18  1:16  Supply Depot  
  18  1:20  SCV  
  19  1:37  Reaper  
  19  1:38  Orbital Command  
  20  1:49  Barracks  
  20  2:08  Marine  
  20  2:09  Marine  
  20  2:14  SCV  
  23  2:20  Supply Depot  
  23  2:26  Marine  
  23  2:28  Barracks Tech Lab  
  24  2:36  Marine  
  25  2:48  Marine  
  25  2:49  Stimpack  
  25  2:50  Marauder  
  28  2:53  Marine  
  29  3:00  Supply Depot  
  29  3:05  Marine  
  29  3:11  Marauder, Marine  
  33  3:23  Marine  
  34  3:29  Marine  
  34  3:32  Marauder  
  37  3:45  Marine  
  37  3:47  Marine  
  39  3:54  Marauder  
  41  4:03  Marine  
  41  4:04  Supply Depot  
  41  4:05  Marine  
  42  4:15  Marauder  
  44  4:19  Command Center  
  44  4:21  Marine  
  44  4:22  Marine  
  46  4:28  Supply Depot  
  46  4:29  Concussive Shells  
  46  4:37  Marauder  
  48  4:39  Marine  
  48  4:40  Marine  
  50  4:59  Marine  
  47  5:00  Marauder, Marine  
  48  5:08  SCV  
  41  5:17  Marine x2  
  41  5:20  SCV  
  41  5:32  SCV  
  36  5:49  SCV  
  36  5:53  SCV  
  37  6:01  SCV  
  25  6:42  Marauder, Marine x2  
  25  6:43  SCV x2  
  26  6:55  SCV  
  26  6:59  Marine  
  26  7:03  Orbital Command  
  26  7:04  Marauder  
  26  7:07  SCV  
  29  7:19  SCV, Combat Shield  
  30  7:31  SCV x2  
  32  7:39  Factory  
  32  7:43  SCV  
  33  7:47  SCV  
  34  7:55  SCV, Supply Depot  
  34  7:58  Engineering Bay  
  35  7:59  SCV  
  36  8:07  SCV, Marauder  
  36  8:09  Barracks Reactor  
  36  8:10  Marine  
  40  8:21  SCV x2  
  42  8:28  Missile Turret  
  42  8:29  Terran Infantry Weapons Level 1  
  42  8:32  Factory Tech Lab  
  42  8:33  SCV  
  42  8:34  SCV  
  44  8:42  Marine x2  
  44  8:46  SCV x2, Marine  
  44  8:47  Marine  
  50  8:56  Siege Tank  
  50  8:58  SCV  
  50  9:00  Marine x2  
  55  9:04  Marine x2  
  57  9:19  Marauder  
  57  9:20  Marine  
  57  9:22  Marine x2  
  62  9:41  SCV x2, Marauder  
  66  9:53  SCV x2  
  66  9:55  Refinery, Siege Tank  
  66  9:58  Refinery  
  71  10:03  Marine x3  
  71  10:04  Marine  
  75  10:14  Refinery  
  75  10:21  Marine x3  
  78  10:46  Marine  
  78  10:47  Marauder, Marine x2  
  83  10:53  Siege Tank  
  86  11:10  Starport  
  86  11:13  Supply Depot  
  86  11:15  Supply Depot  
  86  11:17  Supply Depot  
  86  11:18  Supply Depot  
  86  11:19  Supply Depot  
  86  11:22  Supply Depot  
  86  11:35  SCV x2, Marauder, Marine x2  
  92  11:41  Supply Depot  
  92  11:47  SCV x2  
  94  11:59  SCV x2  
  94  12:00  Starport Reactor  
  96  12:02  Terran Infantry Armor Level 1  
  96  12:07  Command Center  
  96  12:09  Missile Turret  
  96  12:11  SCV x2  
  96  12:13  Siege Tank  
  96  12:15  Missile Turret  
  101  12:23  SCV x2  
  103  12:36  SCV x2  
  95  12:56  Siege Tank  
  95  12:57  Marauder, Marine x2  
  95  12:58  Marine  
  79  13:07  Medivac x2  
  60  13:15  Marine x3  
  60  13:19  Marauder  
  55  13:28  Siege Tank  
  55  13:30  Bunker  
  55  13:32  Bunker  
  55  13:33  Marine  
  57  13:37  Medivac x2  
  57  13:38  Marine  
  57  13:39  Marine  
  57  13:40  Marauder  
  65  13:46  Barracks  
  65  13:47  Barracks  
  65  13:48  Barracks  
  65  13:51  Marine  
  66  13:56  Marine  
  66  13:57  Marine  
  66  14:02  Marauder  
  73  14:09  Marine  
  74  14:14  Marine  
  74  14:15  Command Center  
  73  14:32  Marine  
  70  14:50  Marine x4  
  63  15:07  Marine  
  63  15:08  Marine x3  
  56  15:15  Orbital Command  
  50  15:25  Marine  
  50  15:26  Marine  
  52  15:30  Command Center  
  52  15:36  Orbital Command  
  52  15:41  SCV  
  53  15:53  SCV  
  54  16:05  SCV  
Tags
 
Add a new tag
Caveats
  • Supply blocks, unpowered buildings, or Contaminate may cause inaccurate times.
  • Supply counts are checked every 10 seconds.